 Dungeon Crawl Stone Soup version bcrawl-1.39.1 (webtiles) character file.

Game seed: 17119594034248838314

295129 kosoiffoigrumme1174 the Covert (level 9, -4/49 HPs)
             Began as a Mana Stalker Chaos Knight on July 8, 2023.
             Was a Plaything of Xom.
             Killed from afar by a manticore (shapeshifter) (16 damage)
             ... with a volley of spikes
             ... on level 6 of the Dungeon.
             The game lasted 00:15:30 (6239 turns).

kosoiffoigrumme1174 the Covert (VSCK)               Turns: 6239, Time: 00:15:31

Health: -4/49      AC:  9    Str: 10 (14) XL:     9   Next: 74%
Magic:  10/10      EV: 11    Int: 14      God:    Xom [.....*]
Gold:   583        SH:  7    Dex: 18 (19) Spells: 8/8 levels left

rFire    x . .     GDR:     29% a - +0 dagger
rCold    + . .     SeeInvis .   j - +0 medium shield
rNeg     + . .     Gourm    .   H - +3 leather armour "Vuodigu" {rCorr Int+2}
rPois    .         Faith    .   E - +0 helmet (curse)
rElec    +         Spirit   .   z - scarf {clouds}
rCorr    +         Reflect  .   (no gloves)
MR       +....     Rnd*Rage +   b - +1 pair of boots
Stlth    +++++.....             (no amulet)
HPRegen  0.58/turn              h - ring of positive energy
MPRegen  0.12/turn              q - ring "Kefibud" {Ice rElec}

@: agile, barbed spikes, lightly drained
A: fangs 3, talons 1, berserk 1, clumsy 2, deterioration 1, magic resistance 1,
regeneration 1, antimagic bite, no potion heal 3, rot immunity, strong jaws
a: Renounce Religion, Evoke Fog


You were on level 6 of the Dungeon.
You worshipped Xom.
You were Xom's teddy bear.
You were hungry.

You visited 1 branch of the dungeon, and saw 7 of its levels.

You collected 583 gold pieces.

Inventory:

Hand Weapons
 a - a +0 dagger (weapon)
Missiles
 d - 1458 stones (quivered)
 k - 73 poisoned tomahawks
Armour
 b - a +1 pair of boots (worn)
 i - a cursed +0 pair of gloves
 j - a +0 medium shield (worn)
 z - a scarf of clouds (worn)
 E - a cursed +0 helmet (worn)
 H - the +3 leather armour "Vuodigu" (worn) {rCorr Int+2}
   (You found it on level 6 of the Dungeon)

   It affects your intelligence (+2).
   It provides partial protection from all sources of acid and corrosion.
Jewellery
 h - a ring of positive energy (left hand)
 p - a cursed ring of teleportation {unknown}
 q - the ring "Kefibud" (right hand) {Ice rElec}
   (You found it on level 3 of the Dungeon)

   [ring of ice]

   It enhances your ice magic.
   It makes you vulnerable to fire.
   It protects you from cold.
   It insulates you from electricity.
 r - an uncursed ring of protection from cold {unknown}
Wands
 s - a wand of polymorph (32)
 w - a wand of disintegration (7)
 A - a wand of iceblast (12)
 F - a wand of charming (8)
Scrolls
 c - 4 scrolls of teleportation
 g - 4 scrolls of enchant armour
 y - a scroll of fear {unknown}
 B - 3 scrolls of blinking
 G - 2 scrolls of brand weapon {unknown}
Potions
 f - a potion of ambrosia
 l - 2 potions of cancellation {unknown}
 m - 3 potions of curing
 n - a potion of agility
 o - a potion of might {unknown}
 u - a potion of berserk rage {unknown}
 x - a potion of magic {unknown}
 C - 3 potions of flight
 D - 2 potions of mutation
Comestibles
 e - 12 rations {!d}


   Skills:
 - Level 2.6(2.1) Fighting
 - Level 10.0(9.3) Short Blades
 - Level 0.7(0.2) Armour
 - Level 2.1(1.6) Dodging
 + Level 11.0(10.4) Stealth


You had 8 spell levels left.
You didn't know any spells.
Your spell library contained the following spells:

 Spells                   Type           Power        Failure   Level  Hunger
 Magic Dart               Conj           #...         100%        1    None
 Blink                    Tloc           N/A          100%        2    ####...
 Call Imp                 Summ           #.....       100%        2    ####...
 Conjure Flame            Conj/Fire      #.......     100%        3    #####..
 Mephitic Cloud           Conj/Pois/Air  #.......     100%        3    #####..
 Recall                   Summ/Tloc      N/A          100%        3    #####..
 Spider Form              Tmut/Pois      #..          100%        3    #####..
 Summon Demon             Summ           #.........   100%        5    #######
 Summon Forest            Summ/Tloc      #.........   100%        5    #######
 Summon Mana Viper        Hex/Summ       #.......     100%        5    #######
 Aura of Abjuration       Summ           #.........   100%        6    #######
 Shadow Creatures         Summ           N/A          100%        7    #######


Dungeon Overview and Level Annotations

Branches:
Dungeon (7/12)
 Temple: D:4-7         Lair: D:7-9

Altars:
Nemelex Xobeh
Xom

Shops:
D:6 [


Innate Abilities, Weirdness & Mutations

You have razor-sharp teeth.
You are resistant to hostile enchantments. (MR+)
Your natural rate of healing is unusually fast.
Your bite disrupts and absorbs the magic of your enemies.
Potions cannot restore your health.
You are immune to rotting.
Your bites deal extra damage.
You have sharp toenails.
You tend to lose your temper in combat.
You are very clumsy. (Dex -4)
Your body sometimes deteriorates upon taking damage.


Message History

Xom is mildly amused.
You feel agile all of a sudden. The yak gores you but does no damage.
Xom grants you some temporary aid.
The yak changes into a manticore!
You swap places.
Your ufetubus hits the manticore but does no damage. x2
The manticore flicks its tail.
The volley of spikes hits your ufetubus!
Your ufetubus dies!
The manticore flicks its tail.
The volley of spikes hits your crimson imp!
The manticore flicks its tail.
The volley of spikes hits your crimson imp.
Your crimson imp dies!
The manticore flicks its tail.
The volley of spikes hits you!
The barbed spikes become lodged in your body.
You die...
Xom howls with laughter!

#.##.# #..# ##.## #
#)##.#
#######..####...###
#.##.#
#...........<......
#.##.#
##.#####..####...###
#.##.# #.......H.#
##.## #.##.#
#..#####.## #.#
#.##.# #..# #.# #.#
#.##.###..#####H# #(#
#####.##......@.....#
#.#
#.............#######
#.# #.##.########.#
#.# #.##p########_#
#.# #.##........#)#
#.# #.#########.#.#
###.# #.#### #.#[#
#...#
#....######.#.###
#.####
##...............####
#PP..#


You could see a manticore shaped shifter.

Vanquished Creatures
  Pikel (D:6)
  A hippogriff (D:7)
  An ice beast (D:5)
  2 sky beasts
  2 phantoms (D:6)
  2 ogres
  3 bullfrogs
  Blork the orc (D:4)
  2 centaurs
  3 wights
  A howler monkey (D:4)
  2 bullfrog zombies (D:6)
  4 crimson imps
  A jelly (D:5)
  3 hounds
  2 orc wizards (D:5)
  Jessica (D:3)
  Terence (D:1)
  2 iguanas
  Natasha (thrice) (D:3)
  4 worker ants
  A porcupine skeleton (D:7)
  4 gnolls
  9 adders
  4 adder skeletons
  2 adder zombies (D:6)
  2 worms
  2 dart slugs (D:1)
  2 leopard geckos (D:5)
  3 orcs
  2 ball pythons (D:3)
  3 giant cockroaches
  6 goblins
  8 hobgoblins
  7 jackals
  4 quokkas
  3 bats
  7 frilled lizards
  A jackal skeleton (D:3)
  7 kobolds
  A quokka skeleton (D:4)
  2 rats
122 creatures vanquished.

Vanquished Creatures (collateral kills)
  A sky beast (D:6)
  An orc priest (D:4)
  A gnoll (D:2)
  An adder zombie (D:6)
  3 orcs (D:4)
7 creatures vanquished.

Vanquished Creatures (others)
  A slave (D:6)
  A hound (D:6)
  A worker ant zombie (D:6)
3 creatures vanquished.

Grand Total: 132 creatures vanquished

Notes
Turn   | Place    | Note
-------+----------+-------------------------------------------
     0 | D:1      | kosoiffoigrumme1174 the Vine Stalker Chaos Knight began the
                  | quest for the Orb.
     0 | D:1      | Reached XP level 1. HP: 13/13 MP: 2/2
   181 | D:1      | XOM: harmless Tloc miscast
   197 | D:1      | XOM: silly message
   198 | D:1      | Reached skill level 1 in Stealth
   289 | D:1      | XOM: butterfly on damage
   292 | D:1      | Reached skill level 2 in Stealth
   310 | D:1      | Reached XP level 2. HP: 18/18 MP: 3/3
   556 | D:1      | Reached skill level 3 in Stealth
  1085 | D:2      | Noticed Terence
  1092 | D:2      | XOM: potion effect (might)
  1110 | D:1      | XOM: give mutation
  1110 | D:1      | Gained mutation: You have sharp toenails. [Xom's grace]
  1115 | D:1      | Killed Terence
  1116 | D:1      | Reached skill level 4 in Stealth
  1116 | D:1      | Reached XP level 3. HP: 11/22 MP: 4/4
  1432 | D:2      | Reached skill level 5 in Stealth
  1493 | D:2      | Reached XP level 4. HP: 26/27 MP: 5/5
  1642 | D:2      | Reached skill level 6 in Stealth
  1874 | D:2      | XOM: 1-stop teleportation journey
  1986 | D:3      | Reached XP level 5. HP: 21/31 MP: 6/6
  2153 | D:3      | Reached skill level 7 in Stealth
  2254 | D:3      | Got a heavily runed lead ring
  2339 | D:3      | Found a sparkling altar of Nemelex Xobeh.
  2341 | D:3      | Noticed Natasha
  2406 | D:3      | Killed Natasha
  2594 | D:3      | Noticed Natasha
  2602 | D:3      | Noticed Jessica
  2607 | D:3      | Killed Natasha
  2608 | D:3      | Reached skill level 8 in Stealth
  2608 | D:3      | Gained mutation: You have razor-sharp teeth. [Vine Stalker
                  | growth]
  2608 | D:3      | Reached XP level 6. HP: 19/36 MP: 7/7
  2616 | D:3      | Killed Jessica
  2686 | D:3      | Noticed Natasha
  2686 | D:3      | XOM: swap monsters
  2695 | D:3      | Killed Natasha
  2906 | D:4      | Noticed Blork the orc
  2960 | D:4      | Noticed a sky beast
  2966 | D:4      | Killed a sky beast
  2967 | D:4      | Reached XP level 7. HP: 40/40 MP: 8/8
  3040 | D:3      | XOM: give mutation
  3040 | D:3      | Gained mutation: You tend to lose your temper in combat.
                  | [Xom's mischief]
  3047 | D:4      | XOM: potion effect (might)
  3056 | D:4      | Reached skill level 5 in Short Blades
  3110 | D:4      | XOM: enchant monster (good)
  3111 | D:4      | Killed Blork the orc
  3259 | D:4      | XOM: enchant monster (good)
  3294 | D:4      | XOM: butterfly on damage
  3297 | D:3      | XOM: cleaving
  3309 | D:3      | XOM: cast spell 'Cause Fear'
  3454 | D:4      | XOM: mild Necr miscast
  3550 | D:4      | Identified the ring "Kefibud" {Ice rElec} (You found it on
                  | level 3 of the Dungeon)
  3708 | D:4      | XOM: divination: detect creatures
  3725 | D:4      | XOM: polymorph ogre -> adder
  3772 | D:3      | XOM: god gift: 50 gold pieces
  4029 | D:4      | XOM: mild Pois miscast
  4108 | D:5      | Entered Level 5 of the Dungeon
  4205 | D:5      | Gained mutation: Your bite disrupts and absorbs the magic
                  | of your enemies. [Mana Stalker growth]
  4205 | D:5      | Gained mutation: You are resistant to hostile enchantments.
                  | (MR+) [Mana Stalker growth]
  4205 | D:5      | Reached XP level 8. HP: 40/45 MP: 8/9
  4628 | D:5      | XOM: harmless Pois miscast
  4957 | D:6      | Found Qonot's Antique Armour Shoppe.
  4957 | D:6      | XOM: 8-stop teleportation journey
  4968 | D:6      | XOM: god gift: book of Summonings
  4975 | D:6      | XOM: cleaving
  5123 | D:6      | XOM: confuse monster(s)
  5129 | D:6      | Reached skill level 9 in Stealth
  5140 | D:6      | XOM: give mutations
  5140 | D:6      | Gained mutation: You are clumsy. (Dex -2) [Xom's mischief]
  5140 | D:6      | Gained mutation: Your body sometimes deteriorates upon
                  | taking damage. [Xom's mischief]
  5140 | D:6      | Gained mutation: You are very clumsy. (Dex -4) [Xom's
                  | mischief]
  5161 | D:6      | Noticed Pikel
  5192 | D:6      | XOM: scenery: create altars
  5216 | D:6      | Killed Pikel
  5217 | D:6      | Reached skill level 10 in Stealth
  5217 | D:6      | Reached XP level 9. HP: 39/49 MP: 10/10
  5311 | D:6      | Got a twisted leather armour
  5314 | D:6      | XOM: polymorph worker ant -> gnoll
  5336 | D:6      | Identified the +3 leather armour "Vuodigu" {rCorr Int+2}
                  | (You found it on level 6 of the Dungeon)
  5716 | D:6      | XOM: god gift: scroll labeled TUTARA UTYANIV {god gift}
  5798 | D:7      | Reached skill level 11 in Stealth
  5841 | D:6      | XOM: chaos upgrade
  5958 | D:7      | XOM: divination: detect creatures
  6023 | D:7      | Reached skill level 10 in Short Blades
  6126 | D:7      | XOM: confuse monster(s)
  6132 | D:7      | XOM: enchant monster (good)
  6146 | D:7      | XOM: mild Fire miscast
  6199 | D:6      | XOM: draining
  6223 | D:6      | HP: 1/49 [yak (shapeshifter) (8)]
  6231 | D:6      | XOM: summons 2 friendly demons
  6231 | D:6      | Noticed a manticore
  6231 | D:6      | a yak changed into a manticore
  6239 | D:6      | Killed from afar by a manticore (shapeshifter)

Skill      XL: |  1  2  3  4  5  6  7  8  9 |
---------------+----------------------------+-----
Stealth        | 2 4 5 6 8 10 11 | 11.0
Short Blades   | 4 6 9 10 | 10.0
Fighting       | |  2.6
Armour         | |  0.7
Dodging        | |  2.1

Action                   |  1- 3 |  4- 6 |  7- 9 || total
-------------------------+-------+-------+-------++-------
Melee: Short sword       |    36 |       |       ||    36
       Bite              |     8 |    13 |    95 ||   116
       Dagger            |    54 |   139 |   380 ||   573
       Kick              |    14 |    35 |    90 ||   139
Throw: Stone             |    10 |       |     5 ||    15
  Use: Scroll            |     3 |     3 |     5 ||    11
       Potion            |       |       |     1 ||     1
 Stab: Sleeping          |     3 |    12 |    11 ||    26
       Distracted        |     1 |     1 |       ||     2
       Paralysed         |       |       |     1 ||     1
       Confused          |       |       |     1 ||     1
  Eat: Chunk             |     4 |     8 |    18 ||    30
Armor: Leather armour    |    17 |    66 |   141 ||   224
Dodge: Dodged            |    31 |    43 |    80 ||   154
Block: Medium shield     |    16 |    50 |   113 ||   179
